limanork, chaotic male human Barbarian --- --------- --..| ..`..`.. --oo.#... o -.@..| -.o...#... -.....-- o....... .....-- o.....o..... ......o+ ........o....... .o.......- .......o............ ..----.... ......#....o..#.....| ...- --o.. ------ ......|------ ---- --.o --+---- --. -- limanork the Bandit Experience level: 8 Strength: 20 Dexterity: 16 Constitution: 18 Intelligence: 8 Wisdom: 7 Charisma: 6 Health: 0(100) Energy: 12(12) Def: 7 Gold: 1519 Moves: 3530 Dungeon seed: 1D987GxCeMEpVy-X Game ID: limanork_1583594990 Your Inventory: Coins $ - 1519 gold pieces Weapons a - a blessed +0 battle-axe (weapon in hands) b - an uncursed +0 short sword (alternate weapon; not wielded) Armor n - an uncursed +0 scale mail (being worn) G - an uncursed +0 dwarvish cloak (being worn) H - a blessed +0 pair of iron shoes (being worn) Comestibles c - 7 uncursed food rations h - an uncursed tripe ration k - an uncursed female lizard corpse l - 3 uncursed sprigs of wolfsbane m - an uncursed tin of lichen Scrolls j - an uncursed scroll of punishment v - an uncursed scroll of amnesia w - an uncursed scroll of confuse monster Potions t - 4 potions of holy water x - an uncursed potion of water Q - an uncursed potion of gain energy Rings g - an uncursed +1 ring of protection (on left hand) Wands J - an uncursed wand of sleep (0:2) L - an uncursed wand of probing (0:7) R - an uncursed wand of digging (0:0) V - an uncursed wand of digging (0:6) Tools e - an uncursed sack s - an uncursed oil lamp (lit) (0:288) u - an uncursed brass lantern (0:1399) y - a blessed wax candle (0:400) A - 14 uncursed tallow candles (0:200) B - an uncursed lock pick C - an uncursed towel E - an uncursed lock pick I - an uncursed towel U - 17 uncursed wax candles (0:400) Gems q - 3 uncursed worthless pieces of yellowish brown glass r - 2 uncursed worthless pieces of white glass z - an uncursed worthless piece of orange glass D - 5 uncursed worthless pieces of green glass F - 2 uncursed worthless pieces of violet glass N - an uncursed worthless piece of yellow glass P - an uncursed worthless piece of black glass Y - 2 uncursed worthless pieces of red glass Contents of the sack: an uncursed +0 pick-axe 4 uncursed partly used tallow candles (0:10) Spells and supernatural/magical abilities: Name Level Category Cost Memory m - magic missile 2 attack 2000pw 98% W - pray for help -- divine ? -- Your skills at the end: Fighting Skills bare handed combat [Basic] Weapon Skills axe [Expert] short sword [Basic] Spellcasting Skills Final Attributes: You were piously aligned. You were immune to poison. You were protected. You were fast. You were very lucky. You last prayed 14 turns ago. Set favoured you. You are dead. Vanquished creatures: a priest a small mimic a tengu 3 giant spiders 2 gnome kings a dwarf mummy 2 lizards a dwarf lord a dust vortex 6 apes a water nymph 3 Mordor orcs a yellow light 10 gnome lords 5 gnomish wizards a baby crocodile a little dog 2 floating eyes 15 dwarves 4 hill orcs 5 monkeys a killer bee 5 coyotes 4 hobbits a large kobold 2 yellow molds 44 gnomes 9 garter snakes a jackal a goblin 7 grid bugs 2 bats 3 lichens a kobold zombie 7 newts 155 creatures vanquished. Voluntary challenges: You had followed a strict vegetarian diet until turn 2889. You had been an atheist until turn 1929. You used a wielded weapon 222 times, starting on turn 62. You read items or engraved 12 times, starting on turn 1557. You never genocided any monsters. You never polymorphed an object. You never changed form. You used no wishes. You never split a pudding. You wrote Elbereth's name 3 times, starting on turn 1862. You never violated your personal moral code. Dungeon overview: The Dungeons of Doom: levels 1 to 3 Level 1 a vault a long staircase Level 2 a weapon shop, some fountains, a vault Level 3 stairs to The Gnomish Mines The Gnomish Mines: levels 4 to 12 Level 4 stairs to The Dungeons of Doom Level 5 Level 6 many shops, a temple to Set, some fountains, a sink Level 7 Level 8 Level 9 Level 10 Level 11 Level 12 <- You were here History has recorded: On T:1 you entered the Dungeons of Doom to retrieve the Amulet of Yendor! On T:358 you reached level 2 of The Dungeons of Doom. On T:822 you reached level 3 of The Dungeons of Doom. On T:980 you advanced to experience level 2. On T:1023 you reached level 1 of The Gnomish Mines. On T:1087 you advanced to experience level 3. On T:1106 you advanced to experience level 4. On T:1216 you reached level 2 of The Gnomish Mines. On T:1259 you advanced to experience level 5. On T:1601 you advanced to experience level 6. On T:1770 you reached level 3 of The Gnomish Mines. On T:2359 you reached level 4 of The Gnomish Mines. On T:2583 you advanced to experience level 7. On T:2906 you reached level 5 of The Gnomish Mines. On T:3083 you reached level 6 of The Gnomish Mines. On T:3169 you advanced to experience level 8. On T:3277 you reached level 7 of The Gnomish Mines. On T:3346 you reached level 8 of The Gnomish Mines. On T:3527 you reached level 9 of The Gnomish Mines. Score breakdown: Gold: 1519 (10823 points) Experience: 8 levels (14739 points) Exploration: 12 levels ( 23.53%) (14071 points) Discoveries: 16 items ( 6.37%) ( 7574 points) Valuables value: (no points given unless you survive) Artifact value: 0 ( 0 points) Variety of kills: 35 monsters ( 9.21%) ( 9104 points) Turncount: 3530 turns ( -840 points) Survival: died (score multiplied by 80%) Total score: 44376 Latest messages: The hill orc wields an orcish dagger! The hill orc wields a scimitar! You write in the dust with your fingers. Something is written here in the dust. You read: "Jlbereth". You see no objects here. You add to the writing in the dust with your fingers. You hear a distant squeak. (2x) The hill orc thrusts her orcish dagger at you. The hill orc hits! You add to the writing in the dust with your fingers. You hear a distant squeak. (2x) The hill orc hits! You hear a distant squeak. The Mordor orc throws a knife! The knife misses the orc shaman. You are almost hit by a knife. The hill orc thrusts her orcish dagger at you. The hill orc hits! The hill orc swings her scimitar at you. The hill orc hits! You die... Final status: Goodbye limanork the Barbarian, killed by a hill orc... You died in The Gnomish Mines on dungeon level 12 with 44376 points, and 1519 pieces of gold, after 3530 moves. You were level 8 with a maximum of 100 hit points when you died.